 Dungeon Crawl Stone Soup version 0.25.1-2-g60ff931df9 (webtiles) character file.

Game seed: 11415083299616114482

23926 demenzo the Warrior (level 13, -1/151 (152) HPs)
             Began as an Ogre Berserker on Oct 15, 2020.
             Was a High Priest of Trog.
             Slain by a killer bee (8 damage)
             ... on level 1 of the Lair of Beasts.
             The game lasted 00:37:46 (19409 turns).

demenzo the Warrior (Ogre Berserker)               Turns: 19409, Time: 00:37:46

HP:   -1/151 (152)  AC:  8    Str: 26    XL:     13   Next: 9%
MP:   13/13         EV: 11    Int: 12    God:    Trog [*****.]
Gold: 778           SH:  0    Dex: 12    Spells: 12/12 levels left

rFire    + . .     SeeInvis .   R - +3 flail "No More Talking" {flame, MR+ Int+4}
rCold    + . .     Gourm    .   (no shield)
rNeg     . . .     Faith    .   x - +0 animal skin
rPois    .         Spirit   .   (helmet restricted)
rElec    .         Reflect  .   J - +0 cloak
rCorr    +         Harm     .   (gloves unavailable)
MR       ++...                  (boots unavailable)
Stlth    +.........             F - amulet of regeneration
HPRegen  0.75/turn              t - ring "Selaud" {rF+ rC+ rCorr Str+2}
MPRegen  0.13/turn              I - +4 ring of protection

@: lethally poisoned (-1 -> -2)
A: large, unfitting armour, tough skin 1
a: Berserk, Trog's Hand, Brothers in Arms, Renounce Religion


You were on level 1 of the Lair of Beasts.
You worshipped Trog.
Trog was extremely pleased with you.
You were not hungry.

You visited 2 branches of the dungeon, and saw 14 of its levels.

You collected 778 gold pieces.

Inventory:

Hand Weapons
 a - a +2 dagger of venom
 b - a +3 flail of draining
 l - a +0 hunting sling
 z - a +0 longbow
 H - a +0 giant spiked club
 R - the +3 flail "No More Talking" (weapon) {flame, MR+ Int+4}
   (You found it on level 9 of the Dungeon)

   It has been specially enchanted to burn those struck by it, causing extra
   injury to most foes and up to half again as much damage against particularly
   susceptible opponents.
   It affects your intelligence (+4).
   It affects your resistance to hostile enchantments.
Missiles
 m - 372 stones
 n - 5 atropa-tipped darts
 r - 2 throwing nets
 C - 66 sling bullets
 D - 70 bolts
 E - 15 boomerangs
 M - 241 arrows
 O - 18 poisoned darts
 W - 7 large rocks (quivered)
 X - 4 curare-tipped darts
Armour
 x - a +0 animal skin (worn)
 J - a +0 cloak (worn)
Jewellery
 t - the ring "Selaud" (left hand) {rF+ rC+ rCorr Str+2}
   (You acquired it on level 1 of the Lair of Beasts)

   [ring of resist corrosion]

   It affects your strength (+2).
   It protects you from fire.
   It protects you from cold.
   It provides partial protection from all sources of acid and corrosion.
 F - an amulet of regeneration (around neck)
 I - a +4 ring of protection (right hand)
Wands
 q - a wand of iceblast (16)
 v - a wand of enslavement (4)
 y - a wand of flame (16)
 G - a wand of polymorph (21)
 Z - a wand of clouds (5)
Scrolls
 g - 4 scrolls of remove curse
 k - 7 scrolls of teleportation
 s - a scroll of enchant weapon
 B - 3 scrolls of fog
 Q - a scroll of immolation
 S - a scroll of magic mapping
 T - 3 scrolls of identify
Potions
 d - a potion of flight
 e - 4 potions of heal wounds
 f - a potion of cancellation
 h - 2 potions of invisibility
 i - 5 potions of curing
 j - 3 potions of haste
 o - 3 potions of mutation
 p - 2 potions of lignification
 w - 3 potions of stabbing
 K - a potion of ambrosia
 P - 2 potions of degeneration
 U - 2 potions of berserk rage
 V - a potion of might
Comestibles
 c - 8 rations
 u - a chunk of flesh


   Skills:
 + Level 15.7 Fighting
 * Level 15.5 Maces & Flails
 - Level 4.0 Dodging


You had 12 spell levels left.
You didn't know any spells.
Your spell library was empty.

Dungeon Overview and Level Annotations

Branches:
Dungeon (12/15)            Temple (0/1) D:4            Lair (2/6) D:9
  Snake (0/4) Lair:2          Orc (0/2) D:9
  Swamp: Lair:2-4    Shoals: Lair:2-4

Altars:
Ashenzari
Cheibriados
Dithmenos
Fedhas
Kikubaaqudgha
Makhleb
Qazlal
Ru
Wu Jian
Xom
Yredelemnul
The Shining One

Annotations:
D:12 2 runed translucent doors


Innate Abilities, Weirdness & Mutations

You are too large for most types of armour.
You have tough skin. (AC +1)


Message History

You feel sick.
You feel sick.
You feel sick.
You feel sick.
You feel sick.
You feel sick.
You feel sick.
You feel sick.
You feel sick.
You feel sick.
You feel sick.
You feel sick.
You feel sick.
You feel sick.
You feel sick.
You feel sick.
You feel sick.
The killer bee buzzes angrily.
You feel sick. The killer bee stings you!
You die...

...........##....................
..........###......#.............
..........###....####............
.................# ##............
.................# #.............
.................####............
..................######.........
..............?......##P.........
..............≈.@..≈..≈#.........
.............≈≈.y≈≈≈≈≈.#.........
.............≈≈≈≈≈≈≈≈≈...........
............≈≈≈≈≈≈≈≈≈≈...........
............≈≈≈≈≈≈≈≈≈............
.............≈≈≈≈≈≈≈≈.##.........
..............≈≈≈≈≈..#######.....
.............#......## #P.....
.........[...####....# ##.....


You could see a killer bee.

Vanquished Creatures
  Harold (Lair:1)
  A hydra (Lair:1)
  A centaur warrior (D:12)
  2 two-headed ogres
  A tengu warrior (D:12)
  Sonja (Lair:1)
  4 skeletal warriors
  An unseen horror (D:11)
  A manticore (D:12)
  2 cyclopes (D:12)
  2 spiny frogs
  2 komodo dragons
  2 trolls
  A queen bee (D:10)
  6 hippogriffs
  5 slime creatures
  A shadow (D:12)
  14 yaks
  3 wyverns
  A basilisk (Lair:2)
  A hungry ghost (D:10)
  3 nagas
  2 water moccasins (Lair:1)
  Edmund (D:5)
  Duvessa (D:5)
  5 porcupines
  6 orc warriors
  A sky beast (D:5)
  A black bear (D:4)
  2 necrophages
  3 phantoms
  2 ice beasts
  5 ogres
  7 centaurs
  2 wolves
  4 crocodiles
  2 big kobolds
  7 bullfrogs
  A gnoll sergeant (D:10)
  A wyvern zombie (D:8)
  Dowan (D:5)
  22 killer bees
  4 centaur zombies
  A bullfrog zombie (D:12)
  3 crimson imps
  2 quasits
  5 hounds
  3 centaur skeletons
  11 orc wizards
  Crazy Yiuf (D:6)
  2 bullfrog skeletons
  6 orc priests
  3 jellies
  2 iguanas
  5 worker ants
  2 hound zombies
  A hound skeleton (D:7)
  A howler monkey skeleton (D:9)
  11 gnolls
  10 adders
  3 shadow imps
  3 oozes
  An adder zombie (D:7)
  An adder skeleton (D:3)
  2 worms
  4 dart slugs (D:2)
  A leopard gecko (D:3)
  46 orcs
  3 ball pythons
  8 giant cockroaches
  5 goblins
  6 hobgoblins
  13 jackals
  19 kobolds
  A quokka (D:2)
  6 bats
  3 frilled lizards
  A giant cockroach zombie (D:6)
  A leopard gecko zombie (D:8)
  12 rats
344 creatures vanquished.

Vanquished Creatures (collateral kills)
  An ettin (D:12)
  A basilisk (D:9)
  A sky beast (D:9)
  A centaur (D:10)
  6 killer bees (D:10)
10 creatures vanquished.

Vanquished Creatures (others)
  An ogre (D:4)
  A hound (D:4)
  2 worker ants (D:4)
  A gnoll (D:4)
  An adder (D:4)
  A worm (D:4)
  4 orcs (D:4)
  4 plants
15 creatures vanquished.

Grand Total: 369 creatures vanquished

Notes
Turn   | Place    | Note
-------+----------+-------------------------------------------
     0 | D:1      | demenzo the Ogre Berserker began the quest for the Orb.
     0 | D:1      | Reached XP level 1. HP: 24/24 MP: 1/1
    44 | D:1      | Reached XP level 2. HP: 17/32 MP: 2/2
   589 | D:1      | Reached XP level 3. HP: 32/40 MP: 3/3
  1067 | D:1      | Reached ** piety under Trog
  1424 | D:2      | Found a snail-covered altar of Cheibriados.
  1426 | D:2      | Reached XP level 4. HP: 49/49 MP: 4/4
  2275 | D:2      | Found a basalt altar of Yredelemnul.
  2694 | D:3      | Reached skill level 5 in Fighting
  2694 | D:3      | Reached XP level 5. HP: 57/57 MP: 5/5
  3227 | D:3      | Reached *** piety under Trog
  3397 | D:4      | Noticed an ogre
  3403 | D:4      | Killed an ogre
  3403 | D:4      | Reached XP level 6. HP: 34/66 MP: 6/6
  4059 | D:4      | Reached skill level 5 in Maces & Flails
  4497 | D:4      | Noticed a black bear
  4512 | D:4      | Reached XP level 7. HP: 64/75 MP: 7/7
  4775 | D:4      | Found a glowing golden altar of the Shining One.
  4937 | D:4      | Found a shimmering altar of Xom.
  5135 | D:4      | HP: 2/76 [something/puff of frost (8)]
  5413 | D:4      | Found a staircase to the Ecumenical Temple.
  5609 | D:5      | Entered Level 5 of the Dungeon
  5801 | D:5      | Noticed Edmund
  5807 | D:5      | Killed Edmund
  5807 | D:5      | Reached XP level 8. HP: 87/87 MP: 8/8
  6577 | D:5      | Noticed Duvessa
  6577 | D:5      | Noticed Dowan
  6579 | D:5      | Found a shattered altar of Ashenzari.
  6600 | D:5      | Killed Duvessa
  6605 | D:5      | Killed Dowan
  6815 | D:5      | Saw a vision of the Shoals and the Snake Pit.
  6815 | D:5      | Noticed a black mamba
  6815 | D:5      | Noticed a shock serpent
  6815 | D:5      | Noticed a shock serpent
  6815 | D:5      | Noticed a black mamba
  6815 | D:5      | Noticed a merfolk siren
  6815 | D:5      | Noticed a merfolk
  6815 | D:5      | Noticed a merfolk siren
  6815 | D:5      | Noticed a naga mage
  6817 | D:5      | Noticed a sea snake
  8387 | D:6      | Reached XP level 9. HP: 98/98 MP: 9/9
  8389 | D:6      | Reached **** piety under Trog
  8461 | D:6      | Found a blossoming altar of Fedhas.
  8664 | D:6      | Found a runed translucent door.
  8665 | D:6      | Noticed Crazy Yiuf
  8862 | D:6      | Killed Crazy Yiuf
  9187 | D:7      | Found an ancient bone altar of Kikubaaqudgha.
  9197 | D:7      | Found an ornate altar of the Wu Jian Council.
  9355 | D:7      | Found a stormy altar of Qazlal.
  9403 | D:7      | Found a shadowy altar of Dithmenos.
  9572 | D:7      | Found a burning altar of Makhleb.
  9581 | D:7      | Reached skill level 10 in Fighting
  9717 | D:7      | Reached ***** piety under Trog
 10282 | D:8      | Found a blossoming altar of Fedhas.
 10448 | D:8      | Reached skill level 10 in Maces & Flails
 11027 | D:9      | Noticed a two-headed ogre
 11027 | D:9      | Noticed a troll
 11034 | D:8      | Killed a troll
 11034 | D:8      | Reached XP level 10. HP: 110/110 MP: 10/10
 11139 | D:8      | Killed a two-headed ogre
 11227 | D:9      | Noticed Psyche
 11236 | D:9      | Noticed Psyche
 11236 | D:9      | Psyche changed into Psyche the basilisk
 11237 | D:9      | Killed Psyche the basilisk
 11502 | D:9      | Got a dazzling flail
 11503 | D:9      | Identified the +3 flail "No More Talking" {flame, MR+
                  | Int+4} (You found it on level 9 of the Dungeon)
 11523 | D:9      | Found a staircase to the Lair.
 11716 | D:9      | Found a staircase to the Orcish Mines.
 12053 | D:10     | Entered Level 10 of the Dungeon
 12988 | D:10     | Reached XP level 11. HP: 99/123 MP: 11/11
 13705 | D:11     | Received a gift from Trog
 14366 | D:12     | Noticed a cyclops
 14380 | D:12     | Killed a cyclops
 14515 | D:12     | Noticed a cyclops
 14535 | D:12     | Killed a cyclops
 14612 | D:12     | Noticed a skeletal warrior
 14612 | D:12     | Noticed a skeletal warrior
 14615 | D:12     | Noticed a skeletal warrior
 14642 | D:11     | Killed a skeletal warrior
 14826 | D:12     | Noticed a centaur warrior
 14842 | D:12     | Killed a centaur warrior
 14988 | D:11     | Killed an unseen horror
 15160 | D:12     | Killed a skeletal warrior
 15231 | D:12     | Killed a skeletal warrior
 15297 | D:12     | Noticed a skeletal warrior
 15299 | D:12     | Found a sacrificial altar of Ru.
 15311 | D:12     | Killed a skeletal warrior
 15311 | D:12     | Reached XP level 12. HP: 126/138 MP: 12/12
 15558 | D:12     | Noticed a two-headed ogre
 15566 | D:12     | Killed a two-headed ogre
 15638 | D:12     | Found a large runed translucent door.
 15638 | D:12     | Noticed a tengu warrior
 15638 | D:12     | Noticed an ettin
 15639 | D:12     | Found a large runed translucent door.
 16156 | D:12     | Killed a tengu warrior
 16282 | D:12     | Killed an ettin
 16462 | D:12     | Found a sacrificial altar of Ru.
 17049 | Lair:1   | Entered Level 1 of the Lair of Beasts
 17091 | Lair:1   | Noticed a six-headed hydra
 17100 | Lair:1   | Killed a six-headed hydra
 17718 | Lair:1   | Reached skill level 15 in Fighting
 17899 | Lair:1   | Noticed Sonja
 17903 | Lair:1   | Killed Sonja
 18255 | Lair:1   | Identified a scroll of acquirement
 18255 | Lair:1   | Acquired the ring "Selaud" {rF+ rC+ rCorr Str+2}
 18270 | Lair:2   | Noticed Harold
 18281 | Lair:1   | Killed Harold
 18389 | Lair:2   | Reached skill level 15 in Maces & Flails
 18537 | Lair:2   | Found a staircase to the Snake Pit.
 18751 | Lair:2   | Reached XP level 13. HP: 74/149 MP: 13/13
 19400 | Lair:1   | HP: 7/151 [poisoned by a killer bee]
 19405 | Lair:1   | HP: 7/151 [poisoned by a killer bee]
 19409 | Lair:1   | Slain by a killer bee

Illustrated notes

Levels and vault maps discovered:
D:1:      ebering_trefoil_3fold, layout_rooms, hangedman_decor_slide_cut
D:2:      layout_basic, lemuel_crystal_altar, kennysheep_slug_shrine
D:3:      layout_loops_cross, first_ration
D:4:      layout_rooms, xom_confusion_cloud, lemuel_doored_altar,
          temple_hall_moat
D:5:      layout_basic, grunt_ashenzari_visionary
          [grunt_ashenzari_visionary_shoals, grunt_ashenzari_visionary_snake],
          uniq_edmund, uniq_duvessa
D:6:      layout_loops_ring, lemuel_round_altar, uniq_crazy_yiuf_cottage
D:7:      layout_loops_ring, nicolae_overflow_crystal_walls,
          overflow_temple_1_default, makhleb_blood_cavern_becter, basic_altar,
          grunt_dithmenos_smoke_and_mirrors
D:8:      layout_cave_pods, basic_altar
D:9:      layout_rooms, david_lair_shrubbed, orc_0_dummy, serial_glass,
          glass_columns_a, glass_columns_a, uniq_psyche
D:10:     layout_long_grid, david_nohive_1
D:11:     layout_basic
D:12:     layout_small_grid, basic_altar, minmay_statues_item,
          hangedman_abyss_or_decor_stabs, jmf_multi_god_temple2
Lair:1:   layout_cellular_growth, minivault_19, grunt_megastairs_1,
          infiniplex_staircase_pool, uniq_sonja
Lair:2:   hangedman_what_comes_after_a, layout_chaotic_city,
          guppyfry_snake_entry_garden, kennysheep_rathole, uniq_harold

Skill      XL: |  1  2  3  4  5  6  7  8  9 10 11 12 |
---------------+-------------------------------------+-----
Maces & Flails | 3 4 5 6 8 10 12 13 15 | 15.5
Dodging        | 3 4 |  4.0
Fighting       | 5 6 7 9 10 12 14 15 | 15.7

Action                   |  1- 3 |  4- 6 |  7- 9 | 10-12 | 13-15 || total
-------------------------+-------+-------+-------+-------+-------++-------
Melee: Mace              |   104 |   156 |       |       |       ||   260
       Dagger            |       |    60 |    67 |       |       ||   127
       Giant club        |       |       |    10 |       |       ||    10
       Flail             |       |       |   245 |   534 |    91 ||   870
Throw: Dart              |       |     2 |       |       |       ||     2
       Large rock        |       |       |       |     5 |       ||     5
Invok: Berserk           |     3 |     6 |    12 |    17 |     1 ||    39
       Trog's Hand       |       |     1 |       |     1 |       ||     2
       Brothers in Arms  |       |       |       |     4 |       ||     4
Evoke: Wand              |       |       |       |     1 |       ||     1
  Use: Scroll            |     3 |     1 |     8 |    11 |     1 ||    24
       Potion            |       |       |     1 |       |       ||     1
  Eat: Chunk             |     5 |    15 |    20 |    28 |     3 ||    71
       Ration            |       |       |     3 |     5 |       ||     8
Armor: Animal skin       |    32 |    54 |    87 |   155 |    40 ||   368
Dodge: Dodged            |    68 |   156 |   169 |   222 |   117 ||   732
